AoeStats
← argum

Arabia

505895199Analyzed
2v2 RM · 22d ago on Sep 11, 2026· 44m 15s· 4 players
Game mode
Random Map
Map size
Medium (4 player)
Population
200
Speed
Normal
Resources
Standard
Victory
Conquest
Starting age
Dark Age
Ending age
Imperial Age
RankedLock teamsTeams togetherTeam positionsShared explorationLock speedFull tech treeHidden civsTurbo modeCheats
Victory
Defeat
🇧🇷 Franks · Brazil
1481
+14
🇧🇷 Japanese · Brazil
1389
+17
🇭🇰 Dravidians · Hong Kong SAR China
1425
-16
🇭🇰 Bulgarians · Hong Kong SAR China
1419
-15
Steven S Lee
6:42 Loom
9:21 Feudal Age
10:37 Double-Bit Axe
11:31 Horse Collar
17:38 Wheelbarrow
19:05 Scale Barding Armor
22:45 Castle Age
21:24 Fletching
21:49 Gold Mining
22:42 Bloodlines
22:36 Padded Archer Armor
23:25 Bodkin Arrow
23:35 Padded Archer Armor
25:24 Ballistics
25:56 Bow Saw
26:02 Husbandry
26:54 Thumb Ring
29:25 Leather Archer Armor
33:16 Gold Shaft Mining
argum
9:46 Feudal Age
10:21 Double-Bit Axe
11:27 Loom
14:21 Fletching
15:10 Horse Collar
17:56 Padded Archer Armor
18:22 Town Watch
22:58 Wheelbarrow
27:06 Gold Mining
29:51 Castle Age
30:37 Husbandry
30:50 Bow Saw
33:07 Bodkin Arrow
GAX | Flanq
5:57 Loom
8:58 Feudal Age
10:03 Double-Bit Axe
17:30 Scale Barding Armor
17:37 Forging
24:56 Castle Age
23:48 Gold Mining
25:03 Light Cavalry
26:28 Chain Barding Armor
27:08 Iron Casting
29:15 Wheelbarrow
28:26 Town Watch
29:39 Husbandry
38:41 Fletching
38:51 Padded Archer Armor
39:41 Bodkin Arrow
42:29 Elite Skirmisher
GAX | Vini_Boy
6:29 Loom
8:55 Feudal Age
9:00 Man-at-Arms
11:18 Double-Bit Axe
18:14 Fletching
18:16 Horse Collar
18:58 Padded Archer Armor
25:11 Castle Age
24:09 Scale Mail Armor
24:20 Forging
24:42 Arson
25:32 Long Swordsman
27:15 Chain Mail Armor
26:49 Gambesons
28:46 Bow Saw
29:03 Squires
34:36 Pikeman
37:01 Stone Mining
39:19 Elite Skirmisher
40:42 Wheelbarrow
40:14 Town Watch
44:13 Ballistics
43:58 Bodkin Arrow
44:19 Leather Archer Armor
Connection lost

Rejoining the realm…

Still unreachable

The connection could not be restored.

Session expired

The server has moved on; the page needs a fresh start.